 Dungeon Crawl Stone Soup version 0.19-a0-1457-g32fba05 (webtiles) character file.

65 sveltemanboy the Shield-Bearer (level 4, 0/35 HPs)
             Began as a Human Fighter on Sept 6, 2016.
             Was an Initiate of Ashenzari.
             Slain by a gnoll
             ... wielding a +0 halberd
              (2 damage)
             ... on level 3 of the Dungeon.
             The game lasted 00:05:48 (2196 turns).

sveltemanboy the Shield-Bearer (Human Fighter)      Turns: 2196, Time: 00:05:48

Health: 0/35       AC:  6    Str: 18 (20) XL:     4   Next: 34%
Magic:  4/4        EV:  7    Int:  6 (9)  God:    Ashenzari [......]
Gold:   184        SH:  9    Dex: 12 (14) Spells: 0 memorised, 3 levels left

rFire  + . .     SeeInvis +     a - +0 long sword (curse)
rCold  + . .     Gourm    .     b - +0 scale mail
rNeg   . . .     Faith    .     c - +0 shield (curse)
rPois  +         Spirit   .     (no helmet)
rElec  +         Dismiss  .     (no cloak)
rCorr  +         Reflect  .     (no gloves)
MR     .....     Harm     .     (no boots)
Stlth  ..........               (no amulet)
                                (no ring)
                                (no ring)

@: mighty, resistant
A: thin skeletal structure 1, see invisible, weak 1
a: Curse Item, Renounce Religion


You were on level 3 of the Dungeon.
You worshipped Ashenzari.
Ashenzari was noncommittal.
You were not hungry.

You visited 2 branches of the dungeon, and saw 5 of its levels.

You collected 184 gold pieces.

Inventory:

Hand Weapons
 a - a cursed +0 long sword (weapon)
Missiles
 g - 42 stones (quivered)
 k - a throwing net
Armour
 b - a +0 scale mail (worn)
 c - a cursed +0 shield (worn)
Scrolls
 h - a scroll of enchant armour {unknown}
 i - 3 scrolls of remove curse
 n - 2 scrolls of teleportation
 q - 3 scrolls of identify {unknown}
 t - a scroll of fear {unknown}
 w - a scroll of random uselessness {unknown}
 x - a scroll of magic mapping {unknown}
Potions
 p - a potion of invisibility
Comestibles
 f - 2 bread rations
 j - a meat ration
 l - 2 beef jerkies
 r - a slice of pizza
 s - 2 chunks of flesh


   Skills:
 - Level 3.0 Fighting
 * Level 3.3 Long Blades
 + Level 3.1 Armour
 - Level 1.0 Dodging
 + Level 3.6 Shields


You had 3 spell levels left.
You didn't know any spells.

Dungeon Overview and Level Annotations

Branches:
Dungeon (4/15)             Temple (1/1) D:4

Altars:
Ashenzari
Cheibriados
Dithmenos
Elyvilon
Fedhas
Gozag
Hepliaklqana
Kikubaaqudgha
Makhleb
Nemelex Xobeh
Okawaru
Qazlal
Ru
Sif Muna
Trog
Uskayaw
Vehumet
Xom
Yredelemnul
Zin
The Shining One

Annotations:
D:4 Eustachio


Innate Abilities, Weirdness & Mutations

You have a somewhat thin skeletal structure. (Dex +2, Stealth)
You have supernaturally acute eyesight. (SInv)
You are weak. (Str -2)


Message History

You feel protected. The gnoll hits you but does no damage.
You block the gnoll's attack. x2
You feel very mighty all of a sudden. You block the gnoll's attack. x2
You hit the gnoll.
The gnoll is heavily wounded.
The gnoll closely misses you. The gnoll hits you.
* * * LOW HITPOINT WARNING * * *
You block the gnoll's attack. The gnoll hits you with a halberd.
* * * LOW HITPOINT WARNING * * *
The gnoll hits you.
* * * LOW HITPOINT WARNING * * *
The gnoll hits you but does no damage.
A gnoll comes into view. It is wielding a flail.
The gnoll shouts!
There is a stone staircase leading up here.
You block the gnoll's attack.
The gnoll hits you from afar with a halberd.
You die...

#..# #. ##..##
#. #....#
#.##.##...#
#.#(.# #.....
##..(#####..##
#....(..###.#
#.......#...#
#..@gg..g.# #
#..†.g...##
#.......##
#.......#
#.......#
#..>....#
#########


You could see 4 gnolls.

Vanquished Creatures
  2 adders (D:3)
  A worm (D:2)
  A dart slug (D:1)
  A giant gecko (D:1)
  A ball python (D:2)
  2 bats
  A giant cockroach (D:2)
  6 goblins
  6 hobgoblins
  2 jackals (D:1)
  4 kobolds
  2 quokkas (D:2)
  3 giant newts
  6 rats
38 creatures vanquished.

Notes
Turn   | Place    | Note
-------+----------+-------------------------------------------
     0 | D:1      | sveltemanboy the Human Fighter began the quest for the Orb.
     0 | D:1      | Reached XP level 1. HP: 18/18 MP: 1/1
   143 | D:1      | Reached XP level 2. HP: 24/24 MP: 2/2
   634 | D:1      | Reached XP level 3. HP: 28/29 MP: 3/3
  1469 | D:2      | Reached skill level 1 in Dodging
  1624 | D:3      | Reached XP level 4. HP: 31/35 MP: 4/4
  1641 | D:3      | You fall through a shaft!
  1759 | D:4      | Found a staircase to the Ecumenical Temple.
  1759 | D:4      | Noticed Eustachio
  1763 | Temple   | Entered the Ecumenical Temple
  1888 | Temple   | Became a worshipper of Ashenzari the Shackled
  2188 | D:3      | Gained mutation: You are weak. (Str -2) [potion of mutation]
  2188 | D:3      | Gained mutation: You have supernaturally acute eyesight. (SInv) [potion of mutation]
  2188 | D:3      | Gained mutation: You have a somewhat thin skeletal structure. (Dex +2, Stealth) [potion of mutation]
  2193 | D:3      | HP: 1/35 [gnoll (1)]
  2196 | D:3      | Slain by a gnoll

Vault maps used:
D:1:      elethiomel_arrival_shortcut
D:4:      first_bread, uniq_eustachio
Temple:   kilobyte_greek_temple

Skill      XL: |  1  2  3 |
---------------+----------+-----
Long Blades    | 3 |  3.3
Dodging        | 1 |  1.0
Fighting       | |  3.0
Armour         | |  3.1
Shields        | |  3.6

Action                   |  1- 3 |  4- 6 || total
-------------------------+-------+-------++-------
Melee: Long sword        |   113 |    21 ||   134
Throw: Stone             |     9 |     3 ||    12
       Throwing net      |     1 |       ||     1
Invok: Curse Item        |       |     2 ||     2
  Use: Potion            |       |     5 ||     5
       Scroll            |       |     2 ||     2
  Eat: Chunk             |     2 |     2 ||     4
Armor: Scale mail        |    34 |    10 ||    44
Dodge: Dodged            |    28 |    10 ||    38
Block: Shield            |    33 |     8 ||    41
